 Dungeon Crawl Stone Soup version 0.21.1-1-g345015f (webtiles) character file.

128 Fang the Skirmisher (level 5, -9/33 HPs)
             Began as a Gargoyle Berserker on May 9, 2018.
             Was a Believer of Trog.
             Mangled by an orc warrior
             ... wielding a +0 halberd
              (20 damage)
             ... on level 3 of the Dungeon.
             The game lasted 00:02:54 (3033 turns).

Fang the Skirmisher (Gargoyle Berserker)            Turns: 3033, Time: 00:02:55

Health: -9/33      AC:  6    Str: 22    XL:     5   Next: 11%
Magic:  5/5        EV: 12    Int:  7    God:    Trog [**....]
Gold:   156        SH:  0    Dex: 11    Spells: 4/4 levels left

rFire    . . .     SeeInvis .   a - +0 hand axe
rCold    . . .     Gourm    .   (no shield)
rNeg     + . .     Faith    .   b - +0 animal skin
rPois    ∞         Spirit   .   (helmet restricted)
rElec    +         Reflect  .   (no cloak)
rCorr    .         Harm     .   (no gloves)
MR       .....                  (no boots)
Stlth    +++.......             (no amulet)
HPRegen  0.11/turn              d - ring of stealth
MPRegen  0.09/turn              q - +2 ring of dexterity

@: flying
A: antennae 1, beak, negative energy resistance 1, electricity resistance,
unbreathing, petrification resistance, rot immunity, AC +4
a: Berserk, Trog's Hand, Burn Spellbooks, Renounce Religion


You were on level 3 of the Dungeon.
You worshipped Trog.
Trog was pleased with you.
You were not hungry.

You visited 1 branch of the dungeon, and saw 3 of its levels.

You collected 156 gold pieces.

Inventory:

Hand Weapons
 a - a +0 hand axe (weapon)
 e - a +1 vampiric hand axe
Armour
 b - a +0 animal skin (worn)
Jewellery
 d - a ring of stealth (left hand)
 q - a +2 ring of dexterity (right hand)
 r - a +3 ring of protection {unknown}
Wands
 u - a wand of iceblast (5)
Scrolls
 g - 3 scrolls of teleportation {unknown}
 i - 2 scrolls of fear {unknown}
 j - 2 scrolls of identify {unknown}
 m - a scroll of random uselessness {unknown}
 n - a scroll of noise {unknown}
 o - a scroll of remove curse {unknown}
 p - a scroll of amnesia {unknown}
 s - a scroll of immolation {unknown}
Potions
 f - a potion of agility {unknown}
 k - 2 potions of mutation
 l - a potion of flight
Comestibles
 c - 9 rations
 t - 2 chunks of flesh


   Skills:
 + Level 4.2 Fighting
 + Level 3.7 Axes
 + Level 2.2 Armour
 + Level 2.3 Dodging
 + Level 2.0 Stealth


You had 4 spell levels left.
You didn't know any spells.

Dungeon Overview and Level Annotations

Branches:
Dungeon (3/15)

Altars:
Elyvilon
Makhleb


Innate Abilities, Weirdness & Mutations

You are resistant to torment.
Your stone body is resilient. (AC +4)
You are immune to poison.
You resist negative energy. (rN+)
You are resistant to electric shocks. (rElec)
You can survive without breathing.
You are immune to petrification.
You are immune to rotting.
You have a pair of small antennae on your head.
You have a beak for a mouth.


Message History

The orc wizard hits you with a dagger.
The orc warrior hits you with a halberd!
* * * LOW HITPOINT WARNING * * *
The orc wizard gestures at you while chanting.
You are more confused.
The orc warrior closely misses you.
You're too confused!
You're too confused!
It was a potion of mutation.
You feel extremely strange.
Your mouth lengthens and hardens into a beak!
A pair of antennae grows on your head!
The orc wizard gestures at you while chanting.
The puff of flame misses you. The orc warrior closely misses you.
It was a potion of flight.
You feel very buoyant.
You fly up into the air.
It was a potion of curing.
You feel better.
The orc warrior hits you from afar with a halberd!!
Ouch! That really hurt!
You die...

#.# #)# #.####
#....# ####.#
#.#
#.############
#.#|..........
#.#..@....#
#.#..o....#
#.....o...#
###.......#
#.......#
#.......#
#########


You could see an orc warrior and an orc wizard.

Vanquished Creatures
  An orc wizard (D:3)
  3 adders
  2 oozes
  2 worms
  A dart slug (D:2)
  4 leopard geckos
  6 orcs (D:3)
  2 ball pythons
  4 bats
  2 giant cockroaches
  4 goblins
  5 hobgoblins (D:1)
  3 kobolds
  3 quokkas (D:3)
  2 frilled lizards
  4 rats
48 creatures vanquished.

Vanquished Creatures (others)
  A kobold (D:2)
1 creature vanquished.

Grand Total: 49 creatures vanquished

Notes
Turn   | Place    | Note
-------+----------+-------------------------------------------
     0 | D:1      | Fang the Gargoyle Berserker began the quest for the Orb.
     0 | D:1      | Reached XP level 1. HP: 14/14 MP: 1/1
   199 | D:1      | Reached XP level 2. HP: 15/19 MP: 2/2
   395 | D:1      | Reached XP level 3. HP: 16/24 MP: 3/3
   771 | D:2      | Reached ** piety under Trog
   911 | D:2      | Reached skill level 4 in Fighting
   966 | D:2      | Found a white marble altar of Elyvilon.
  1176 | D:2      | Found a burning altar of Makhleb.
  1592 | D:1      | Reached XP level 4. HP: 25/29 MP: 4/4
  2110 | D:3      | Reached skill level 1 in Stealth
  2113 | D:3      | HP: 2/43 [orc/short sword (1)]
  2984 | D:3      | Reached XP level 5. HP: 29/33 MP: 5/5
  3018 | D:3      | Noticed an orc warrior
  3031 | D:3      | Gained mutation: You have a beak for a mouth. [potion of mutation]
  3031 | D:3      | Gained mutation: You have a pair of small antennae on your head. [potion of mutation]
  3033 | D:3      | Mangled by an orc warrior

Skill      XL: |  1  2  3  4 |
---------------+-------------+-----
Axes           | 3 |  3.7
Fighting       | 4 |  4.2
Dodging        | 2 |  2.3
Stealth        | 2 |  2.0
Armour         | |  2.2

Action                   |  1- 3 |  4- 6 || total
-------------------------+-------+-------++-------
Melee: Hand axe          |   110 |    89 ||   199
Invok: Berserk           |     2 |     1 ||     3
  Use: Potion            |       |     3 ||     3
 Stab: Sleeping          |     7 |     2 ||     9
  Eat: Ration            |     1 |     1 ||     2
       Chunk             |       |     3 ||     3
Armor: Animal skin       |    34 |    30 ||    64
Dodge: Dodged            |    77 |    68 ||   145
